 Dungeon Crawl Stone Soup version 0.31-a0-986-g5e6e4ef867 (webtiles) character file.

Game seed: 5758292148273801219

5700 grandjackal the Fighter (level 10, -2/124 HPs)
             Began as a Demonspawn Gladiator on Nov 22, 2023.
             Was a Follower of Makhleb.
             Slain by Lodul
             ... wielding a +0 dire flail
              (18 damage)
             ... on level 10 of the Dungeon.
             The game lasted 00:18:03 (9155 turns).

grandjackal the Fighter (Demonspawn Gladiator)      Turns: 9155, Time: 00:18:04

Health: -2/124     AC: 25    Str: 18    XL:     10   Next: 48%
Magic:  14/14      EV:  2    Int:  9    God:    Makhleb [*.....]
Gold:   600        SH:  0    Dex: 16    Spells: 9/9 levels left

rFire   + . .        M - +3 scimitar
rCold   + . .        (no shield)
rNeg    + . .        I - melded +1 leather armour {rN+}
rPois   +            (helmet currently unavailable)
rElec   +            (cloak currently unavailable)
rCorr   +            (gloves currently unavailable)
SInv    .            K - melded +1 pair of boots {Fly}
Will    .....        z - amulet of regeneration
Stlth   +            o - ring of resist corrosion
HPRegen 1.20/turn    E - ring of positive energy
MPRegen 0.14/turn

%: no passive effects
@: mighty, tree-form, resistant
A: stationary, stasis, torment immunity, boosted hp, (antennae 1), (slimy green
scales 2), foul stench 1
a: Renounce Religion


You were on level 10 of the Dungeon.
You worshipped Makhleb.
Makhleb was aware of your devotion.
You were a tree.
You visited 2 branches of the dungeon, and saw 12 of its levels.
You also visited: Sewer and Bailey.

You collected 600 gold pieces.

Inventory:

Hand Weapons
 a - a +0 long sword
 k - a +0 short sword of protection
 L - a +4 great sword
 M - a +3 scimitar (weapon)
Missiles
 c - 4 curare-tipped darts
 e - a javelin
 r - 28 poisoned darts (quivered)
Armour
 C - a +0 crystal plate armour
 I - a +1 leather armour of positive energy (melded)
 K - a +1 pair of boots of flying (melded)
Jewellery
 d - a ring of flight
 o - a ring of resist corrosion (left branch)
 z - an amulet of regeneration (around neck)
 E - a ring of positive energy (right branch)
Wands
 y - a wand of acid (4)
 P - a wand of roots (9)
 Q - a wand of digging (14)
Scrolls
 b - 6 scrolls of teleportation
 f - a scroll of poison {unknown}
 j - 21 scrolls of identify {unknown}
 m - 3 scrolls of revelation {unknown}
 n - a scroll of immolation {unknown}
 p - 3 scrolls of amnesia {unknown}
 t - 2 scrolls of fog {unknown}
 u - a scroll of enchant weapon {unknown}
 w - a scroll of acquirement {unknown}
 x - 5 scrolls of blinking {unknown}
 A - 2 scrolls of brand weapon {unknown}
 F - a scroll of butterflies {unknown}
 J - a scroll of torment {unknown}
 N - a scroll of vulnerability {unknown}
Potions
 g - a potion of lignification
 h - 7 potions of curing
 i - 2 potions of might
 l - a potion of mutation {unknown}
 s - 2 potions of resistance
 v - 3 potions of cancellation {unknown}
 B - 6 potions of heal wounds {unknown}
 D - a potion of haste {unknown}
 G - a potion of attraction {unknown}
 H - 2 potions of enlightenment


   Skills:
 + Level 9.0 Fighting
 + Level 8.4 Long Blades
 - Level 2.0 Throwing
 - Level 4.0 Armour
 + Level 7.2 Dodging
 + Level 6.1 Invocations


You had 9 spell levels left.
You didn't know any spells.
Your spell library contained the following spells:

 Spells                   Type           Power      Damage    Failure   Level
 Foxfire                  Conj/Fire      0%         2x1d4     38%         1
 Freeze                   Ice            0%         1d3       38%         1
 Kiss of Death            Conj/Necr      0%         2d5       38%         1
 Magic Dart               Conj           0%         1d3       38%         1
 Cigotuvi's Dreadful Rot  Necr/Pois/Air  0%         N/A       52%         2
 Lesser Beckoning         Tloc           0%         N/A       52%         2
 Confusing Touch          Hex            0%         N/A       77%         3
 Frozen Ramparts          Ice            0%         1d1       77%         3
 Gell's Gravitas          Tloc           0%         N/A       77%         3
 Hailstorm                Conj/Ice       0%         3d3       77%         3
 Ignite Poison            Fire/Tmut/Pois 0%         N/A       77%         3
 Teleport Other           Tloc           0%         N/A       77%         3
 Dispel Undead            Necr           0%         3d6       99%         4
 Fulminant Prism          Conj/Hex       0%         3d5       99%         4
 Petrify                  Tmut/Erth      0%         N/A       99%         4
 Summon Ice Beast         Ice/Summ       0%         N/A       99%         4
 Freezing Cloud           Conj/Ice/Air   0%         6-21      100%        5
 Metabolic Englaciation   Hex/Ice        0%         N/A       100%        5
 Conjure Ball Lightning   Conj/Air       0%         3x3d6     100%        6
 Death Channel            Necr           0%         N/A       100%        6
 Simulacrum               Ice/Necr       0%         N/A       100%        6


Dungeon Overview and Level Annotations

Branches:
Dungeon (11/15)            Temple (1/1) D:6            Lair (0/5) D:10
  Sewer (visited)          Bailey (visited)
    Orc: D:9-12

Altars:
Ashenzari
Cheibriados
Dithmenos
Fedhas
Gozag
Hepliaklqana
Kikubaaqudgha
Makhleb
Nemelex Xobeh
Okawaru
Qazlal
Ru
Sif Muna
Trog
Uskayaw
Vehumet
Wu Jian
Xom
Yredelemnul

Shops:
D:4 [

Annotations:
D:10 4 runed translucent doors, Lodul


Innate Abilities, Weirdness & Mutations

You are a tree.
Your roots penetrate the ground, keeping you stationary.
You cannot be teleported.
You are immune to unholy pain and torment.
Your maximum health is greatly increased.
Your equipment is partially melded.
((You have a pair of small antennae on your head.))
((You are mostly covered in slimy green scales. (AC +3)))
You may rarely emit foul miasma when damaged in melee.


Message History

You feel very mighty all of a sudden.
You closely miss Lodul.
Lodul is lightly wounded.
Lodul looks more healthy.
Lodul hits you with a +0 dire flail!!
* * * LOW HITPOINT WARNING * * *
You slice Lodul!!
Lodul is heavily wounded.
Lodul hits you with a +0 dire flail.
* * * LOW HITPOINT WARNING * * *
You slash Lodul!
Lodul is severely wounded.
You barely miss Lodul.
Lodul is severely wounded.
Lodul hits you but does no damage.
You hit Lodul.
Lodul is severely wounded.
You barely miss Lodul.
Lodul is severely wounded.
Lodul zaps a wand.
The roots erupt in riotous growth!
The grasping roots grab you!
Lodul is unaffected.
The grasping roots constrict you.
You barely miss Lodul.
Lodul is severely wounded.
Lodul hits you with a +0 dire flail!
* * * LOW HITPOINT WARNING * * *
You emit a cloud of foul miasma!
The grasping roots constrict you.
You barely miss Lodul.
Lodul is severely wounded.
Lodul is engulfed in dark miasma.
Lodul is poisoned.
Lodul says, "Lodul motto: Secure Vault?
My fault!"
Lodul hits you but does no damage. The grasping roots constrict you.
* * * LOW HITPOINT WARNING * * *
You closely miss Lodul.
Lodul is almost dead.
The grasping roots release their grip on you.
You barely miss Lodul.
Lodul is almost dead.
Lodul is engulfed in dark miasma.
Lodul looks even sicker.
Lodul hits you with a +0 dire flail!!
You die...

.....####.......### #.##
.....# ####'#### #..#
###### #.O#### ##.# ....#
##O>..# #.# ###.#
######'### #.# ###'###
#........# #.# ......#
###........# #####'###
......#
#.'........######......#.
......#
#.#.....♣.(##...'......'.
......#
#.#.....O..'..###......##
......###.#.....(..####
#......#
......'...#######'##
#......# .(....##### ##.#
##'##### ##'#### ##..#
#>..# #.# #..## ###.#
##.# ###.## #######.##
#..# #.O.# ###........###


You could see Lodul (very poisoned).

Vanquished Creatures
  Pikel (D:8)
  A deep elf pyromancer (D:10)
  A shadow (D:10)
  2 wraiths
  6 yaks (D:10)
  A steam dragon (D:10)
  An acid dragon (D:8)
  A water moccasin (Sewer)
  6 orc warriors
  2 black bears
  2 ice beasts
  2 centaurs (D:9)
  3 ogres
  A lemure (D:8)
  2 kobold brigands
  2 bullfrogs
  2 scorpions (D:6)
  15 wights
  4 hounds
  3 orc priests (D:8)
  4 iguanas
  An orc wizard (D:10)
  5 adders
  10 gnolls
  2 white imps
  2 ufetubi (D:4)
  2 dart slugs
  32 orcs
  10 ball pythons
  16 bats
  3 endoplasms
  4 giant cockroaches
  8 goblins
  10 hobgoblins
  A jackal (D:2)
  2 quokkas
  3 frilled lizards (D:3)
  29 kobolds
  10 rats
212 creatures vanquished.

Notes
Turn   | Place    | Note
-------+----------+-------------------------------------------
     0 | D:1      | grandjackal the Demonspawn Gladiator began the quest for
                  | the Orb.
     0 | D:1      | Reached XP level 1. HP: 16/16 MP: 1/1
   133 | D:1      | Gained mutation: You are partially covered in slimy green
                  | scales. (AC +2) [demonic ancestry]
   133 | D:1      | Reached XP level 2. HP: 22/22 MP: 2/2
   997 | D:2      | Reached XP level 3. HP: 26/28 MP: 3/3
  1416 | D:3      | Reached skill level 1 in Armour
  1737 | D:3      | Reached XP level 4. HP: 33/34 MP: 4/4
  1744 | D:3      | Reached skill level 3 in Fighting
  2222 | D:4      | Found a glowing drain.
  2246 | Sewer    | Entered a sewer
  2286 | Sewer    | Noticed a water moccasin
  2295 | Sewer    | Killed a water moccasin
  2296 | Sewer    | Reached XP level 5. HP: 42/42 MP: 5/5
  2382 | D:4      | Found Dapy's Antique Armour Emporium.
  2513 | D:4      | Gained mutation: You have a pair of small antennae on your
                  | head. [demonic ancestry]
  2513 | D:4      | Reached XP level 6. HP: 23/48 MP: 6/6
  2632 | D:4      | Reached skill level 4 in Fighting
  2724 | D:4      | Found an ancient bone altar of Kikubaaqudgha.
  2724 | D:4      | Found a shimmering altar of Xom.
  2880 | D:5      | Entered Level 5 of the Dungeon
  3846 | D:6      | Reached XP level 7. HP: 31/55 MP: 7/7
  4085 | D:6      | Reached skill level 5 in Fighting
  4107 | D:6      | Reached skill level 5 in Long Blades
  4582 | D:6      | Found a staircase to the Ecumenical Temple.
  4688 | D:6      | Gained mutation: You are mostly covered in slimy green
                  | scales. (AC +3) [demonic ancestry]
  4688 | D:6      | Reached XP level 8. HP: 40/64 MP: 8/8
  5087 | Temple   | Entered the Ecumenical Temple
  5228 | D:7      | Reached skill level 6 in Fighting
  5335 | D:7      | You fall into a shaft and drop 2 floors!
  5676 | D:8      | Found a flagged portal.
  5698 | Bailey   | Entered a bailey
  6051 | Bailey   | Reached skill level 7 in Fighting
  6051 | Bailey   | Reached skill level 5 in Dodging
  6110 | Bailey   | Gained mutation: You may rarely emit foul miasma when
                  | damaged in melee. [demonic ancestry]
  6110 | Bailey   | Reached XP level 9. HP: 41/72 MP: 9/9
  6921 | Temple   | Became a worshipper of Makhleb the Destroyer
  7057 | D:8      | Noticed Pikel
  7058 | D:8      | Reached skill level 1 in Invocations
  7097 | D:8      | Killed Pikel
  7126 | D:8      | Reached skill level 8 in Fighting
  7572 | D:9      | Found the +0 toga "Victory" {*Victory Clar}
  7976 | D:9      | Reached XP level 10. HP: 76/82 MP: 13/13
  8101 | D:10     | Identified the of Zeahec Fint
  8101 | D:10     | Entered Level 10 of the Dungeon
  8140 | D:10     | Noticed a deep elf pyromancer
  8154 | D:10     | Killed a deep elf pyromancer
  8203 | D:10     | Found a runed translucent door.
  8203 | D:10     | Noticed a shock serpent
  8205 | D:10     | Noticed a shock serpent
  8206 | D:10     | Noticed a spark wasp
  8206 | D:10     | Noticed a deep elf zephyrmancer
  8207 | D:10     | Found a runed translucent door.
  8207 | D:10     | Found the +5 Storm Queen's Shield {shock, Fly rElec}
  8207 | D:10     | Noticed a shock serpent
  8208 | D:10     | Noticed a deep elf zephyrmancer
  8249 | D:10     | Reached skill level 5 in Invocations
  8402 | D:10     | Found a runed translucent door.
  8414 | D:10     | Noticed a storm dragon
  8509 | D:10     | Found a radiant altar of Vehumet.
  8517 | D:10     | Found a staircase to the Lair.
  8592 | D:10     | Found a runed translucent door.
  8817 | D:10     | Reached skill level 9 in Fighting
  8825 | D:10     | Reached * piety under Makhleb
  9046 | D:11     | Noticed Lodul
  9155 | D:10     | Slain by Lodul

Illustrated notes

Levels and vault maps discovered:
D:1:      lightli_molten_gateway, layout_basic
D:2:      layout_rooms, amcnicky_mini_corridor_feature, st_stairs_13
D:3:      layout_basic
D:4:      layout_rooms, gammafunk_temple_overflow_claw, serial_shops, shop,
          portal_sewer_entry_a
D:5:      layout_basic
D:6:      layout_gridville, minmay_temple_entry_fiery
D:7:      nicolae_cairo_tiling, layout_basic, serial_rivers,
          chequers_serial_rivers_micro_e, chequers_serial_rivers_small_3,
          chequers_serial_rivers_room_b, chequers_serial_rivers_room_b,
          chequers_serial_rivers_room_b
D:8:      layout_basic, enter_bailey_2, uniq_pikel
D:9:      layout_basic
D:10:     layout_roguey, kennysheep_mini, dpeg_oklobed_lair,
          nicolae_guarded_unrand_storm_shield
D:11:     layout_irregular_city, uniq_lodul
Temple:   regret_index_temple_mists

Skill      XL: |  1  2  3  4  5  6  7  8  9 10 |
---------------+-------------------------------+-----
Throwing       | 2 |  2.0
Long Blades    | 3 4 5 6 7 8 |  8.4
Dodging        | 3 5 6 7 |  7.2
Armour         | 1 2 3 4 |  4.0
Fighting       | 3 4 5 7 8 9 |  9.0
Invocations    | 4 6 |  6.1

Action                     |  1- 3 |  4- 6 |  7- 9 | 10-12 || total
---------------------------+-------+-------+-------+-------++-------
  Melee: Long sword        |   163 |   202 |   438 |       ||   803
         Punch             |     2 |     4 |     8 |     3 ||    17
         Short sword       |       |    11 |    12 |       ||    23
         Scimitar          |       |       |    47 |   116 ||   163
         Great sword       |       |       |     4 |       ||     4
  Throw: Throwing net      |       |     4 |     3 |       ||     7
         Dart              |       |     1 |    25 |     2 ||    28
  Evoke: Wand              |       |       |     1 |     1 ||     2
    Use: Potion            |       |     1 |     1 |     3 ||     5
         Scroll            |       |       |       |     1 ||     1
   Stab: Held in net/web   |       |       |     1 |       ||     1
         Distracted        |       |       |     1 |       ||     1
 Armour: Leather armour    |    14 |       |   116 |    59 ||   189
         Ring mail         |   112 |   190 |   278 |       ||   580
         Skin              |       |       |       |     6 ||     6
  Dodge: Dodged            |   144 |   193 |   377 |    72 ||   786

Table legend: (Time is in decaauts)
 A = Elapsed time spent in this place.
 B = Non-inter-level travel time spent in this place.
 C = Inter-level travel time spent in this place.
 D = Time resting spent in this place.
 E = Time spent auto-exploring this place.
 F = Levels seen in this place.
 G = Mean time per level.
                   A        B        C        D        E       F      G
               +--------+--------+--------+--------+--------+-----+--------+
         Total |   9324 |   8690 |    634 |    813 |   5123 |  14 |  666.0 |
       Dungeon |   8662 |   8046 |    616 |    740 |   5123 |  11 |  787.5 |
        Temple |     33 |     16 |     17 |      0 |      0 |   1 |   33.0 |
         Sewer |    108 |    108 |      0 |      0 |      0 |   1 |  108.0 |
        Bailey |    520 |    520 |      0 |     73 |      0 |   1 |  520.0 |
               +--------+--------+--------+--------+--------+-----+--------+

Top non-repeatable levels by time:
     D:6: 1452 daAuts
    D:10: 1051 daAuts
     D:7: 953 daAuts
     D:5: 884 daAuts
     D:1: 860 daAuts
     D:8: 819 daAuts
     D:3: 738 daAuts
     D:4: 703 daAuts
     D:9: 646 daAuts
     D:2: 549 daAuts
  Bailey: 520 daAuts
   Sewer: 108 daAuts
  Temple: 33 daAuts
    D:11: 1 daAuts
